AoeStats
← Tylemaker

Arabia

510011299Analyzed
1v1 RM · 2d ago on Sep 29, 2026· 36m 27s· 2 players
Game mode
Random Map
Map size
Tiny (2 player)
Population
200
Speed
Normal
Resources
Standard
Victory
Conquest
Starting age
Dark Age
Ending age
Imperial Age
RankedLock teamsTeams togetherTeam positionsShared explorationLock speedFull tech treeHidden civsTurbo modeCheats
Victory
Defeat
🇨🇦 Saxons · Canada
1219
+15
🇧🇷 Franks · Brazil
1205
-15
[RZ] Anderson_filds
9:14 Feudal Age
11:57 Loom
12:53 Double-Bit Axe
13:23 Man-at-Arms
21:56 Castle Age
22:39 Scale Barding Armor
23:11 Forging
27:04 Chain Barding Armor
26:53 Gold Mining
31:01 Fletching
38:39 Imperial Age
Tylemaker
10:14 Loom
12:31 Feudal Age
17:19 Castle Age
16:23 Double-Bit Axe
22:05 Bow Saw
21:42 Horse Collar
25:06 Fletching
25:26 Crossbowman
26:11 Bodkin Arrow
29:05 Wheelbarrow
28:16 Town Watch
31:48 Ballistics
31:39 Masonry
36:19 Imperial Age
36:11 Hand Cart
36:25 Murder Holes
Connection lost

Rejoining the realm…

Still unreachable

The connection could not be restored.

Session expired

The server has moved on; the page needs a fresh start.